PAAA
SCRANTON SUPERNOVAS @ ELLENBURG FIGHTING DACHSUNDS
08/25/2034
 
TOP OF THE 1ST
Scranton Supernovas batting - Pitching for Ellenburg Fighting Dachsunds : RHP James Bennett
Pitching: RHP James Bennett
Batting: RHB Jesús Guzmán 0-0: Called Strike
0-1: Foul Ball, location: 2F
0-2: Fly out, F9 (Flyball, 9LM)
Batting: RHB Miguel Canales 0-0: Called Strike
0-1: SINGLE (Line Drive, 78M)
Batting: LHB Chase Popoff 0-0: Called Strike
0-1: Fly out, F6 (Popup, 6MD)
Batting: RHB Felipe Bruno 0-0: Called Strike
Miguel Canales is caught stealing 2nd base
Top of the 1st over - 0 runs, 1 hit, 0 errors, 0 left on base; Scranton 0 - Ellenburg 0
BOTTOM OF THE 1ST
Ellenburg Fighting Dachsunds batting - Pitching for Scranton Supernovas : RHP Apollo Cepeda
Pitching: RHP Apollo Cepeda
Batting: RHB Oscar McMillan 0-0: Bunt for hit - play at first, batter OUT! 3-4
Batting: SHB Ben Boston 0-0: Ball
1-0: Ball
2-0: Called Strike
2-1: Foul Ball, location: 2F
2-2: Ball
3-2: Ground out U3 (Groundball, 3)
Batting: LHB Vladya Pugiev 0-0: Ball
1-0: Ball
2-0: Ground out 5-3 (Groundball, 56)
Bottom of the 1st over - 0 runs, 0 hits, 0 errors, 0 left on base; Scranton 0 - Ellenburg 0
TOP OF THE 2ND
Scranton Supernovas batting - Pitching for Ellenburg Fighting Dachsunds : RHP James Bennett
Batting: RHB Felipe Bruno 0-0: Ball
1-0: Fly out, F8 (Flyball, 8RD)
Batting: RHB Senior Pond 0-0: Swinging Strike
0-1: Ball
1-1: Ball
2-1: Foul Ball, location: 2F
2-2: Ball
3-2: Ground out 5-3 (Groundball, 5)
Batting: RHB José Rodríguez 0-0: Ball
1-0: Foul Ball, location: 2F
1-1: Foul Ball, location: 2F
1-2: Ball
2-2: Ball
3-2: Foul Ball, location: 2F
3-2: Hit by Pitch
Batting: SHB Alonso Solís 0-0: Ball
1-0: Ball
2-0: Called Strike
2-1: Ball
3-1: Foul Ball, location: 2F
3-2: Base on Balls
José Rodríguez to second
Batting: RHB Rodrigo Lugo 0-0: Called Strike
0-1: Fly out, F6 (Line Drive, 56)
Top of the 2nd over - 0 runs, 0 hits, 0 errors, 2 left on base; Scranton 0 - Ellenburg 0
BOTTOM OF THE 2ND
Ellenburg Fighting Dachsunds batting - Pitching for Scranton Supernovas : RHP Apollo Cepeda
Batting: RHB Andrew Cantrell 0-0: Foul Ball, location: 2F
0-1: Foul Ball, location: 2F
0-2: Foul Ball, location: 2F
0-2: Foul Ball, location: 2F
0-2: Ball
1-2: Fly out, F7 (Flyball, 7)
Batting: RHB Asko Riikonen 0-0: Swinging Strike
0-1: Called Strike
0-2: Fly out, F9 (Line Drive, 9LM)
Batting: LHB Vicente Castaneda 0-0: Ball
1-0: Ball
2-0: Ball
3-0: Base on Balls
Batting: RHB Manuel Rosales 0-0: Called Strike
0-1: Foul Ball, location: 2F
0-2: Ground out 3-1 (Groundball, 34S)
Bottom of the 2nd over - 0 runs, 0 hits, 0 errors, 1 left on base; Scranton 0 - Ellenburg 0
TOP OF THE 3RD
Scranton Supernovas batting - Pitching for Ellenburg Fighting Dachsunds : RHP James Bennett
Batting: RHB Augusto Escobar 0-0: Ball
1-0: Ball
2-0: Called Strike
2-1: SINGLE (Groundball, 4MD)
Batting: RHB Jesús Guzmán 0-0: Fly out, F5 (Popup, 56S)
Batting: RHB Miguel Canales 0-0: Grounds into double play, 6-4-3 (Groundball, 6)
Top of the 3rd over - 0 runs, 1 hit, 0 errors, 0 left on base; Scranton 0 - Ellenburg 0
BOTTOM OF THE 3RD
Ellenburg Fighting Dachsunds batting - Pitching for Scranton Supernovas : RHP Apollo Cepeda
Batting: RHB José Barroca 0-0: SINGLE (Groundball, 6MD)
Batting: RHB José Vázquez 0-0: Fly out, F7 (Flyball, 7S)
Batting: RHB Oscar McMillan 0-0: Called Strike
0-1: Ball
1-1: Foul Ball, location: 2F
1-2: Strikes out swinging
Batting: SHB Ben Boston 0-0: Ball
1-0: Ball
2-0: Called Strike
2-1: Foul Ball, location: 2F
2-2: Ball
3-2: Strikes out looking
Bottom of the 3rd over - 0 runs, 1 hit, 0 errors, 1 left on base; Scranton 0 - Ellenburg 0
TOP OF THE 4TH
Scranton Supernovas batting - Pitching for Ellenburg Fighting Dachsunds : RHP James Bennett
Batting: LHB Chase Popoff 0-0: Swinging Strike
0-1: Fly out, F9 (Flyball, 9LD)
Batting: RHB Felipe Bruno 0-0: Foul Ball, location: 2F
0-1: Ball
1-1: Ball
2-1: Ball
3-1: Base on Balls
Batting: RHB Senior Pond 0-0: Ball
1-0: Ball
2-0: Foul Ball, location: 2F
2-1: Called Strike
2-2: Ball
3-2: Strikes out looking
Batting: RHB José Rodríguez 0-0: Ball
1-0: Ball
2-0: Foul Ball, location: 2F
2-1: Ball
3-1: Base on Balls
Felipe Bruno to second
Batting: SHB Alonso Solís 0-0: Called Strike
0-1: Foul Ball, location: 2F
0-2: Ball
1-2: Ball
2-2: Ball
3-2: Foul Ball, location: 2F
3-2: Strikes out looking
Top of the 4th over - 0 runs, 0 hits, 0 errors, 2 left on base; Scranton 0 - Ellenburg 0
BOTTOM OF THE 4TH
Ellenburg Fighting Dachsunds batting - Pitching for Scranton Supernovas : RHP Apollo Cepeda
Batting: LHB Vladya Pugiev 0-0: Ball
1-0: Ball
2-0: Foul Ball, location: 2F
2-1: Ball
3-1: Base on Balls
Batting: RHB Andrew Cantrell 0-0: Ball
1-0: Called Strike
Vladya Pugiev steals 2nd base
1-1: Ball
2-1: Fly out, F8 (Flyball, 78S)
Batting: RHB Asko Riikonen 0-0: Ball
1-0: Foul Ball, location: 2F
1-1: Ball
2-1: Foul Ball, location: 2F
2-2: SINGLE (Line Drive, 3D)
Vladya Pugiev to third
Runner from 3rd tries for Home, SAFE, no throw
Batting: LHB Vicente Castaneda 0-0: Ball
1-0: Foul Ball, location: 2F
1-1: Fly out, F9 (Flyball, 9LS)
Batting: RHB Manuel Rosales 0-0: Ball
Asko Riikonen steals 2nd base
1-0: Ground out 5-3 (Groundball, 56)
Bottom of the 4th over - 1 run, 1 hit, 0 errors, 1 left on base; Scranton 0 - Ellenburg 1
TOP OF THE 5TH
Scranton Supernovas batting - Pitching for Ellenburg Fighting Dachsunds : RHP James Bennett
Batting: RHB Rodrigo Lugo 0-0: Called Strike
0-1: Ground out 6-3 (Groundball, 6M)
Batting: RHB Augusto Escobar 0-0: Ball
1-0: Swinging Strike
1-1: Ball
2-1: Ball
3-1: Base on Balls
Batting: RHB Jesús Guzmán 0-0: Ball
1-0: Fly out, F5 (Popup, 6S)
Batting: RHB Miguel Canales 0-0: Ball
1-0: Ball
2-0: SINGLE (Line Drive, 8LS)
Augusto Escobar to second
Batting: LHB Chase Popoff 0-0: Ball
1-0: Foul Ball, location: 2F
1-1: Foul Ball, location: 2F
1-2: Ball
2-2: Ball
3-2: Foul Ball, location: 2F
3-2: Foul Ball, location: 2F
3-2: Ground out 6-3 (Groundball, 6)
Top of the 5th over - 0 runs, 1 hit, 0 errors, 2 left on base; Scranton 0 - Ellenburg 1
BOTTOM OF THE 5TH
Ellenburg Fighting Dachsunds batting - Pitching for Scranton Supernovas : RHP Apollo Cepeda
Batting: RHB José Barroca 0-0: SOLO HOME RUN (Flyball, 7D), Distance : 398 ft
Batting: RHB José Vázquez 0-0: Ball
1-0: Ball
2-0: Foul Ball, location: 2F
2-1: Foul Ball, location: 2F
2-2: Strikes out looking
Batting: RHB Oscar McMillan 0-0: Foul Ball, location: 2F
0-1: Ball
1-1: SINGLE (Line Drive, 6MD)
Batting: SHB Ben Boston 0-0: Ball
1-0: Ball
2-0: Swinging Strike
2-1: Ball
3-1: Foul Ball, location: 2F
3-2: Foul Ball, location: 2F
3-2: Base on Balls
Oscar McMillan to second
Batting: LHB Vladya Pugiev 0-0: Called Strike
Oscar McMillan steals 3rd base
0-1: Foul Ball, location: 2F
0-2: Fly out, F9 (Flyball, 9S)
Runner from 3rd tags up, SCORES, no throw
Batting: RHB Andrew Cantrell 0-0: Called Strike
0-1: Ball
1-1: Ball
2-1: Ball
3-1: SINGLE (Groundball, 56D)
Ben Boston to second
Batting: RHB Asko Riikonen 0-0: Called Strike
0-1: Ball
1-1: DOUBLE (Flyball, 8RXD)
Ben Boston scores
Andrew Cantrell to third
Runner from 3rd tries for Home, SAFE, no throw
Batting: LHB Vicente Castaneda 0-0: Called Strike
0-1: Ball
1-1: Ball
2-1: Ball
3-1: Called Strike
3-2: Ground out 4-3 (Groundball, 4)
Bottom of the 5th over - 4 runs, 4 hits, 0 errors, 1 left on base; Scranton 0 - Ellenburg 5
TOP OF THE 6TH
Scranton Supernovas batting - Pitching for Ellenburg Fighting Dachsunds : RHP James Bennett
Batting: RHB Felipe Bruno 0-0: Ball
1-0: Called Strike
1-1: Ground out 6-3 (Groundball, 6)
Batting: RHB Senior Pond 0-0: Called Strike
0-1: Ball
1-1: Fly out, F8 (Flyball, 78D)
Batting: RHB José Rodríguez 0-0: Ball
1-0: Called Strike
1-1: Called Strike
1-2: Foul Ball, location: 2F
1-2: Ball
2-2: Ball
3-2: Ground out 4-3 (Groundball, 4)
Top of the 6th over - 0 runs, 0 hits, 0 errors, 0 left on base; Scranton 0 - Ellenburg 5
BOTTOM OF THE 6TH
Ellenburg Fighting Dachsunds batting - Pitching for Scranton Supernovas : RHP Apollo Cepeda
Pitching: RHP Orlando Ángel
Batting: RHB Manuel Rosales 0-0: Ball
1-0: Swinging Strike
1-1: Foul Ball, location: 2F
1-2: Ball
2-2: Ball
3-2: Strikes out swinging
Batting: RHB José Barroca 0-0: Ball
1-0: Foul Ball, location: 2F
1-1: Fly out, F9 (Flyball, 9LD)
Batting: RHB José Vázquez 0-0: Swinging Strike
0-1: Fly out, F9 (Flyball, 9LS)
Bottom of the 6th over - 0 runs, 0 hits, 0 errors, 0 left on base; Scranton 0 - Ellenburg 5
TOP OF THE 7TH
Scranton Supernovas batting - Pitching for Ellenburg Fighting Dachsunds : RHP James Bennett
Now at C: Roy Bowman
Now at 1B: Ted Tullo
Batting: SHB Alonso Solís 0-0: Ball
1-0: Called Strike
1-1: Ball
2-1: Foul Ball, location: 2F
2-2: Foul Ball, location: 2F
2-2: Ball
3-2: SINGLE (Groundball, 6D)
Pitching: RHP James Neutron
Batting: RHB Rodrigo Lugo 0-0: Ball
1-0: Fly out, F7 (Flyball, 78S)
Batting: RHB Augusto Escobar 0-0: Swinging Strike
Passed Ball!
Alonso Solís to second
0-1: Foul Ball, location: 2F
0-2: Foul Ball, location: 2F
0-2: Foul Ball, location: 2F
0-2: Ball
1-2: Ball
2-2: Ball
3-2: Ground out 1-3 (Groundball, 15S)
Batting: RHB Jesús Guzmán 0-0: Ball
1-0: Foul Ball, location: 2F
1-1: Ball
2-1: Foul Ball, location: 2F
2-2: Ball
3-2: DOUBLE (Line Drive, 78D)
Alonso Solís scores
Batting: RHB Miguel Canales 0-0: Ball
1-0: Ball
2-0: Fly out, F7 (Flyball, 7D)
Top of the 7th over - 1 run, 2 hits, 0 errors, 1 left on base; Scranton 1 - Ellenburg 5
BOTTOM OF THE 7TH
Ellenburg Fighting Dachsunds batting - Pitching for Scranton Supernovas : RHP Orlando Ángel
Batting: RHB Oscar McMillan 0-0: Ball
1-0: Called Strike
1-1: Swinging Strike
1-2: Ball
2-2: Strikes out looking
Batting: SHB Ben Boston 0-0: Called Strike
0-1: Foul Ball, location: 2F
0-2: Foul Ball, location: 2F
0-2: Ball
1-2: Foul Ball, location: 2F
1-2: Ball
2-2: Ball
3-2: Ground out 4-3 (Groundball, 34)
Batting: LHB Vladya Pugiev 0-0: Ball
1-0: Ground out 4-3 (Groundball, 4S)
Bottom of the 7th over - 0 runs, 0 hits, 0 errors, 0 left on base; Scranton 1 - Ellenburg 5
TOP OF THE 8TH
Scranton Supernovas batting - Pitching for Ellenburg Fighting Dachsunds : RHP James Neutron
Batting: LHB Chase Popoff 0-0: Ball
1-0: Ball
2-0: Ball
3-0: Base on Balls
Batting: RHB Felipe Bruno 0-0: Called Strike
0-1: Ball
1-1: Ball
2-1: SINGLE (Flyball, 78M)
Chase Popoff to second
Batting: RHB Senior Pond 0-0: Ball
1-0: Ball
2-0: Ball
3-0: Base on Balls
Chase Popoff to third
Felipe Bruno to second
Batting: RHB José Rodríguez 0-0: Ball
1-0: Ball
2-0: Foul Ball, location: 2F
2-1: Ball
Wild Pitch!
Chase Popoff scores
Felipe Bruno to third
Senior Pond to second
3-1: Base on Balls
Pitching: RHP Melvin Tiburcio
Batting: SHB Alonso Solís 0-0: Ball
1-0: Swinging Strike
1-1: Grounds into fielders choice 3-2 (Groundball, 3S)
Senior Pond to third
José Rodríguez to second
Batting: RHB Rodrigo Lugo 0-0: Called Strike
0-1: Ball
1-1: Ball
2-1: Ball
3-1: Fly out, F6 (Popup, 6M)
Batting: RHB Augusto Escobar 0-0: Ball
1-0: Ball
2-0: Foul Ball, location: 2F
2-1: Ball
3-1: Foul Ball, location: 2F
3-2: Strikes out swinging
Top of the 8th over - 1 run, 1 hit, 0 errors, 3 left on base; Scranton 2 - Ellenburg 5
BOTTOM OF THE 8TH
Ellenburg Fighting Dachsunds batting - Pitching for Scranton Supernovas : RHP Orlando Ángel
Batting: RHB Andrew Cantrell 0-0: Called Strike
0-1: Swinging Strike
0-2: Strikes out swinging
Batting: RHB Asko Riikonen 0-0: Ground out U3 (Groundball, 3S)
Batting: LHB Vicente Castaneda 0-0: Called Strike
0-1: Called Strike
0-2: Foul Ball, location: 2F
0-2: Strikes out swinging
Bottom of the 8th over - 0 runs, 0 hits, 0 errors, 0 left on base; Scranton 2 - Ellenburg 5
TOP OF THE 9TH
Scranton Supernovas batting - Pitching for Ellenburg Fighting Dachsunds : RHP Melvin Tiburcio
Pitching: RHP Garrett Harrington
Now in LF: Mark Keys
Batting: RHB Jesús Guzmán 0-0: Fly out, F8 (Flyball, 89D)
Batting: RHB Miguel Canales 0-0: Called Strike
0-1: Ball
1-1: Ball
2-1: Ball
3-1: Called Strike
3-2: Base on Balls
Batting: LHB Chase Popoff 0-0: Called Strike
0-1: Foul Ball, location: 2F
0-2: DOUBLE (Line Drive, 7LD)
Miguel Canales to third
Batting: RHB Felipe Bruno 0-0: Ball
1-0: Foul Ball, location: 2F
1-1: Ball
2-1: Ball
3-1: Foul Ball, location: 2F
3-2: Base on Balls
Batting: RHB Senior Pond 0-0: Ball
1-0: Fly out, F6 (Line Drive, 6)
Batting: RHB José Rodríguez 0-0: Called Strike
0-1: Ball
1-1: Ball
2-1: Foul Ball, location: 2F
2-2: Ball
3-2: Hit by Pitch
Miguel Canales scores
Chase Popoff to third
Felipe Bruno to second
Batting: SHB Alonso Solís 0-0: Ball
1-0: Ball
2-0: Foul Ball, location: 2F
2-1: Ball
3-1: Called Strike
3-2: Foul Ball, location: 2F
3-2: Foul Ball, location: 2F
3-2: Base on Balls
Chase Popoff scores
Felipe Bruno to third
José Rodríguez to second
Batting: RHB Rodrigo Lugo 0-0: Called Strike
0-1: Ball
1-1: Fly out, F9 (Flyball, 9)
Top of the 9th over - 2 runs, 1 hit, 0 errors, 3 left on base; Scranton 4 - Ellenburg 5
Friday, March 29th, 2019 - OOTP Baseball 18.8 Build 76